Map: Central Protocol

Players

Grumm - Winner!

  • Race: Protoss Protoss
  • League: Gold

A.I. 1 (Harder)

  • Race: Terran Terran

VOD

Have the link to the VOD?

Description

Time

  • Played on: Feb. 4, 2016, 1:49 a.m.
  • Length: 10:40
Show
View Real Time Build Order
Export as new Build Order

Grumm Protoss - Winner!

Build Orders: 1 Gate Expand 

Get SALT Encoding   

  12  0:01  Probe (Chrono Boost)  
  13  0:11  Probe (Chrono Boost)  
  14  0:21  Pylon  
  14  0:22  Probe (Chrono Boost)  
  15  0:30  Assimilator  
  15  0:39  Probe (Chrono Boost)  
  16  0:44  Gateway  
  16  0:50  Probe (Chrono Boost)  
  17  1:01  Probe (Chrono Boost)  
  18  1:22  Nexus  
  18  1:32  Cybernetics Core  
  18  1:36  Probe (Chrono Boost)  
  19  1:50  Pylon, Probe (Chrono Boost)  
  20  2:01  Probe (Chrono Boost)  
  21  2:06  Assimilator  
  21  2:09  Warp Gate (Chrono Boost)  
  21  2:13  Gateway  
  21  2:22  Forge  
  21  2:34  Probe (Chrono Boost)  
  21  2:35  Probe (Chrono Boost)  
  23  2:44  Probe (Chrono Boost)  
  23  2:45  Probe (Chrono Boost)  
  25  2:55  Gateway  
  25  2:57  Probe (Chrono Boost)  
  26  3:06  Stalker  
  26  3:08  Adept  
  26  3:11  Probe  
  31  3:13  Probe  
  32  3:23  Probe x2  
  34  3:29  Assimilator  
  34  3:34  Probe  
  34  3:35  Probe  
  34  3:40  Zealot  
  38  3:41  Stalker  
  38  3:44  Protoss Ground Weapons Level 1  
  40  3:54  Probe  
  40  3:56  Probe  
  42  4:06  Robotics Facility  
  42  4:11  Photon Cannon  
  42  4:15  Pylon  
  42  4:18  Assimilator  
  42  4:31  Stalker  
  44  4:32  Stalker  
  44  4:34  Stalker  
  48  4:40  Probe  
  48  4:41  Probe  
  50  4:49  Stargate  
  50  4:52  Stargate  
  50  4:54  Observer  
  51  5:01  Probe  
  51  5:02  Probe  
  53  5:11  Pylon  
  51  5:14  Probe  
  52  5:31  Immortal  
  52  5:33  Void Ray  
  58  5:36  Void Ray  
  62  5:56  Twilight Council, Protoss Ground Armor Level 1 (Chrono Boost)  
  62  5:58  Forge  
  62  6:02  Robotics Bay  
  62  6:06  Pylon  
  62  6:23  Probe  
  62  6:24  Void Ray, Probe  
  68  6:36  Probe  
  67  6:55  Stalker  
  67  6:57  Stalker  
  69  7:12  Pylon, Charge  
  69  7:14  Pylon  
  69  7:17  Pylon  
  69  7:18  Probe  
  69  7:21  Pylon  
  70  7:27  Extended Thermal Lance  
  70  7:30  Void Ray, Probe  
  70  7:32  Immortal  
  79  7:38  Zealot x2  
  79  7:40  Adept  
  85  7:47  Pylon  
  85  7:48  Protoss Ground Weapons Level 2 (Chrono Boost)  
  85  7:50  Gateway  
  85  7:55  Gateway  
  85  8:17  Warp Prism  
  87  8:21  Stalker x3  
  92  8:34  Robotics Facility  
  92  8:37  Pylon  
  92  8:41  Pylon  
  92  8:43  Protoss Shields Level 1 (Chrono Boost)  
  92  8:46  Gateway  
  92  8:53  Observer  
  93  9:07  Observer Gravitic Boosters  
  93  9:14  Nexus  
  93  9:19  Pylon  
  93  9:30  Stalker  
  93  9:31  Stalker x2  
  99  9:32  Adept x2  
  97  10:06  Stalker x2  
  97  10:07  Stalker x3  
  91  10:31  Stalker x4  
  91  10:32  Stalker  
Show
View Real Time Build Order
Export as new Build Order

A.I. 1 (Harder) Terran 

Build Orders: MMM Bio 

Get SALT Encoding   

  12  0:00  SCV  
  13  0:13  SCV  
  14  0:18  Supply Depot  
  14  0:25  SCV  
  15  0:40  SCV  
  15  0:42  Barracks  
  16  0:50  Refinery  
  16  0:52  SCV  
  17  1:04  SCV  
  18  1:16  SCV  
  19  1:22  Supply Depot  
  19  1:29  Marine, SCV  
  21  1:42  Orbital Command, Barracks  
  21  1:47  Marine  
  21  1:51  Refinery  
  22  2:05  Factory  
  22  2:06  Barracks Tech Lab  
  22  2:23  Supply Depot  
  22  2:24  Marine  
  23  2:32  Marine  
  24  2:42  Marauder  
  26  2:48  Hellion  
  28  2:56  Supply Depot  
  28  3:04  Marauder  
  30  3:06  Marine  
  31  3:14  Hellion  
  33  3:25  Marauder  
  35  3:30  Supply Depot  
  35  3:35  Hellion  
  35  3:37  Marine  
  38  3:46  Marine  
  39  3:52  SCV  
  40  3:57  Hellion  
  40  4:01  Marine  
  40  4:02  Supply Depot  
  43  4:04  SCV  
  43  4:09  Marauder  
  46  4:11  Engineering Bay  
  46  4:16  SCV  
  47  4:18  Hellion  
  49  4:28  SCV  
  50  4:40  SCV, Hellion  
  53  4:52  SCV  
  54  5:11  Marine  
  53  6:12  Barracks Tech Lab, Widow Mine  
  53  6:13  Stimpack, Terran Infantry Weapons Level 1  
  53  6:15  Factory  
  55  6:18  Starport  
  55  6:19  Marine  
  55  6:22  Starport, Command Center  
  55  6:25  Supply Depot  
  56  6:29  Combat Shields  
  56  6:30  Marine  
  57  6:37  Marine  
  58  6:42  Factory Tech Lab  
  58  6:48  Marine  
  58  6:50  Supply Depot  
  47  6:54  Starport Tech Lab  
  47  6:55  Marine  
  47  6:57  Starport Tech Lab  
  47  6:59  Factory Tech Lab  
  39  7:06  Marine  
  40  7:13  Marine  
  40  7:15  Widow Mine  
  43  7:23  Siege Tank  
  43  7:27  Raven  
  48  7:30  Marine  
  48  7:35  Missile Turret  
  48  7:36  SCV  
  50  7:37  Marine  
  50  7:38  SCV  
  50  7:44  Refinery, Siege Tank  
  52  7:48  SCV  
  52  7:50  SCV  
  57  7:52  Marauder  
  57  7:55  Concussive Shells  
  59  7:59  Marauder  
  59  8:00  SCV  
  59  8:02  SCV  
  63  8:06  Siege Tank  
  63  8:07  Terran Infantry Armor Level 1  
  63  8:08  Raven  
  63  8:12  SCV  
  69  8:14  Missile Turret  
  69  8:15  SCV  
  70  8:24  SCV  
  70  8:25  Missile Turret  
  71  8:27  SCV  
  72  8:34  Bunker  
  72  8:36  SCV  
  72  8:39  SCV  
  74  8:46  Missile Turret  
  74  8:48  SCV  
  74  8:51  SCV  
  76  8:57  Sensor Tower  
  76  9:00  SCV  
  77  9:03  SCV  
  77  9:07  Armory  
  78  9:12  Bunker, SCV  
  79  9:18  Barracks  
  79  9:41  SCV  
  79  9:43  SCV  
  77  9:52  Viking x2, Hellion  
  82  9:53  Hellion  
  65  10:05  Barracks Reactor  
  33  10:14  Hellion  
Tags
 
Composition
MMM Bio
League
Gold
Matchup
PvT
Replay Pack
sc2 replays 2016
Add a new tag
Caveats
  • Supply blocks, unpowered buildings, or Contaminate may cause inaccurate times.
  • Supply counts are checked every 10 seconds.